Canucks vs Blue Jackets
Created - April 14, 2021 at 20:08
Goals
|
| Canucks |
0 |
0 |
2 |
2 |
| Blue Jackets |
0 |
3 |
2 |
5 |
|
Shots
|
| Canucks |
8 |
9 |
13 |
30 |
| Blue Jackets |
8 |
10 |
11 |
29 |
|
1st period
No Goal
Penalties :
Ryan Wilson (Clb) for Holding (Minor) at 5:10, Ladislav Smid (Van) for Hooking (Minor) at 15:32
2nd period
1. Blue Jackets , Tyler Seguin 29 (Devin Setoguchi 41, Artemi Panarin 51) at 1:58 (PP)
2. Blue Jackets , Artemi Panarin 48 (Tyler Seguin 59, Devin Setoguchi 42) at 2:36 (PP)
3. Blue Jackets , Cody Hodgson 15 (Max Pacioretty 37, Mike Lundin 28) at 9:21
Penalties :
Ladislav Smid (Van) for Interference (Minor) at 1:44, Daniel Sedin (Van) for Hooking (Minor) at 2:22, Robert Nilsson (Van) for High sticking (Minor) at 9:45, Devin Setoguchi (Clb) for Hooking (Minor) at 13:26, Andy Rogers (Van) for Hooking (Minor) at 16:59
3rd period
4. Blue Jackets , Max Pacioretty 17 (Martin Havlat 24, Cody Hodgson 30) at 1:16 (PP)
5. Canucks , Jeremy Morin 9 (Robert Nilsson 51, Daniel Sedin 17) at 1:48
6. Blue Jackets , Artemi Panarin 49 (Tyler Seguin 60, Cam Fowler 26) at 15:35
7. Canucks , Loui Eriksson 22 (Ladislav Smid 18, Robert Nilsson 52) at 19:05
Penalties :
Daniel Sedin (Van) for Roughing (Minor) at 0:46, Mike Lundin (Clb) for Holding (Minor) at 1:51, Jordin Tootoo (Van) for Roughing (Minor) at 7:33, Cam Fowler (Clb) for Roughing (Minor) at 10:12
Goalie Stats
Kari Lehtonen (Van), 24 saves from 29 shots - (0.828), L, 23-20-2, 60:00 minutes
Rick DiPietro (Clb), 28 saves from 30 shots - (0.933), W, 20-23-3, 60:00 minutes
Players Stats for Canucks
Player Name G A P +/- PIM S H SB GA TA FO MP PP MP PK MP
------------------------------------------------------------------------------------
Andy Rogers 0 0 0 1 2 1 1 0 0 1 0/0 29:21 5:33 5:03
Brad Boyes 0 0 0 -1 0 1 0 0 0 0 0/0 11:41 0:00 2:23
Cody Eakin 0 0 0 0 0 0 0 1 1 0 6/11 15:07 3:33 1:01
Daniel Sedin 0 1 1 1 4 3 2 1 0 0 1/2 21:06 4:14 1:21
James Wright 0 0 0 -1 0 2 1 0 0 0 0/3 9:14 0:09 0:00
Jason Akeson 0 0 0 0 0 2 2 1 0 0 0/0 7:55 0:09 0:00
Jeremy Morin 1 0 1 0 0 2 2 0 0 1 0/0 14:06 3:33 0:00
Jonathan Blum 0 0 0 -1 0 3 1 3 0 1 0/0 10:41 0:00 0:00
Jordin Tootoo 0 0 0 0 2 2 3 0 0 1 0/0 15:57 3:33 1:33
Kurtis Foster 0 0 0 0 0 4 0 0 0 1 0/0 19:29 2:23 2:46
Ladislav Smid 0 1 1 1 4 1 1 3 1 0 0/0 28:18 5:33 4:38
Lane MacDermid 0 0 0 0 0 0 2 0 0 0 0/1 7:46 0:00 0:00
Loui Eriksson 1 0 1 1 0 3 0 0 0 0 3/3 25:00 4:23 5:10
Mike Komisarek 0 0 0 0 0 0 0 1 0 2 0/0 19:29 2:23 2:46
Olli Maatta 0 0 0 -1 0 1 0 1 0 0 0/0 12:48 0:00 2:35
Rob Schremp 0 0 0 0 0 2 1 0 0 0 7/9 10:22 0:00 2:30
Robert Nilsson 0 2 2 1 2 2 1 1 0 0 20/42 23:34 4:14 3:50
Ryane Clowe 0 0 0 -1 0 1 2 0 0 0 0/0 9:05 0:00 0:00
Players Stats for Blue Jackets
Player Name G A P +/- PIM S H SB GA TA FO MP PP MP PK MP
------------------------------------------------------------------------------------
Andreas Nodl 0 0 0 0 0 1 1 0 1 0 0/0 6:50 0:00 0:00
Artemi Panarin 2 1 3 0 0 6 2 1 1 0 0/3 25:03 5:08 4:39
Brandon Bollig 0 0 0 0 0 1 0 0 0 0 0/0 6:57 0:00 0:06
Branislav Mezei 0 0 0 -1 0 0 1 1 0 0 0/0 10:39 0:00 0:28
Cam Fowler 0 1 1 1 2 0 4 2 0 1 0/0 28:30 5:10 3:43
Christian Hanson 0 0 0 0 0 0 0 0 0 0 3/3 7:08 0:00 0:18
Cody Hodgson 1 1 2 0 0 2 3 1 1 0 7/13 17:08 3:46 1:49
Dalton Prout 0 0 0 0 0 1 1 4 0 1 0/0 20:13 3:44 2:52
Devin Setoguchi 0 2 2 0 2 2 0 1 1 0 0/1 20:11 5:08 0:00
Eric Wellwood 0 0 0 0 0 2 1 0 0 0 0/0 11:08 0:00 1:37
Martin Havlat 0 1 1 0 0 2 2 1 1 0 0/0 14:40 3:46 0:00
Max Pacioretty 1 1 2 0 0 4 1 0 0 0 0/1 18:03 3:46 2:44
Mike Lundin 0 1 1 1 2 1 4 2 1 0 0/0 28:48 5:10 3:59
Pavel Datsyuk 0 0 0 0 0 2 1 0 0 0 1/4 9:30 0:00 0:00
Rob Scuderi 0 0 0 0 0 0 0 0 0 0 0/0 20:13 3:44 2:52
Ryan Wilson 0 0 0 -1 2 0 0 1 0 0 0/0 12:26 0:00 1:58
Tyler Kennedy 0 0 0 0 0 1 1 1 1 0 0/0 9:30 0:00 0:00
Tyler Seguin 1 2 3 0 0 4 1 1 0 0 23/46 25:03 5:08 4:39
3 Stars
1 - Artemi Panarin (Clb)
2 - Tyler Seguin (Clb)
3 - Cody Hodgson (Clb)
Power Play
Canucks - 0 on 4 Attempt(s) - 0.00%
Blue Jackets - 3 on 7 Attempt(s) - 42.86%
Penalty Kill
Canucks - 4 on 7 Attempt(s) - 57.14%
- Score 0 goal in Penalty Kill
Blue Jackets - 4 on 4 Attempt(s) - 100.00%
- Score 0 goal in Penalty Kill
Team Stat
Canucks - Hits : 19 - Faceoff Wins : 37 - Blocked Shots : 12 - Penalty Minutes : 14
Blue Jackets - Hits : 23 - Faceoff Wins : 34 - Blocked Shots : 16 - Penalty Minutes : 8
Official
Referees : Unknown
Linesman : Unknown
Game Notes
No Game Note
Finance
Level 1 -- Attendance: 4411 (73.52%) -- Ticket Income $507,265
Level 2 -- Attendance: 3465 (69.30%) -- Ticket Income $259,875
Level 3 -- Attendance: 1645 (82.25%) -- Ticket Income $74,025
Level 4 -- Attendance: 3039 (75.98%) -- Ticket Income $91,170
Luxury Box -- Attendance: 705 (70.50%) -- Ticket Income $151,575
Game was played at the Ohio State Arena.
Total Attendance: 13265 (73.69%)
Total Ticket Income: $1,083,910
Other Income: $162,586
Total Income: $1,246,496
Canucks
5 vs 5 Forward
Center Left Wing Right Wing Time % Phy DF OF
1 Robert Nilsson Daniel Sedin Loui Eriksson 40 1 2 2
2 Cody Eakin Jeremy Morin Jordin Tootoo 30 1 2 2
3 James Wright Ryane Clowe Brad Boyes 20 1 2 2
4 Rob Schremp Lane MacDermid Jason Akeson 10 1 2 2
5 vs 5 Defense
Defense Defense Time % Phy DF OF
1 Ladislav Smid Andy Rogers 40 1 2 2
2 Kurtis Foster Mike Komisarek 30 1 2 2
3 Jonathan Blum Olli Maatta 20 1 2 2
4 Ladislav Smid Andy Rogers 10 1 2 2
PowerPlay Forward
Center Left Wing Right Wing Time % Phy DF OF
1 Robert Nilsson Daniel Sedin Loui Eriksson 60 1 2 2
2 Cody Eakin Jeremy Morin Jordin Tootoo 40 1 2 2
PowerPlay Defense
Defense Defense Time % Phy DF OF
1 Ladislav Smid Andy Rogers 60 1 2 2
2 Kurtis Foster Mike Komisarek 40 1 2 2
Penalty Kill 4 Players Forward
Center Wing Time % Phy DF OF
1 Robert Nilsson Loui Eriksson 60 1 2 2
2 Jordin Tootoo Brad Boyes 40 1 2 2
Penalty Kill 4 Players Defense
Defense Defense Time % Phy DF OF
1 Ladislav Smid Andy Rogers 60 1 2 2
2 Kurtis Foster Mike Komisarek 40 1 2 2
Penalty Kill - 3 Players Forward
Forward Time % Phy DF OF
1 Robert Nilsson 60 1 2 2
2 Loui Eriksson 40 1 2 2
Penalty Kill - 3 Players Defense
Defense Defense Time % Phy DF OF
1 Ladislav Smid Andy Rogers 60 1 2 2
2 Kurtis Foster Mike Komisarek 40 1 2 2
4 vs 4 Forward
Center Wing Time % Phy DF OF
1 Robert Nilsson Loui Eriksson 60 1 2 2
2 Jordin Tootoo Brad Boyes 40 1 2 2
4 vs 4 Defense
Defense Defense Time % Phy DF OF
1 Ladislav Smid Andy Rogers 60 1 2 2
2 Kurtis Foster Mike Komisarek 40 1 2 2
Last Minutes Offensive
Center Left Wing Right Wing Defense Defense
Robert Nilsson Daniel Sedin Loui Eriksson Ladislav Smid Andy Rogers
Last Minutes Defensive
Center Left Wing Right Wing Defense Defense
Robert Nilsson Daniel Sedin Loui Eriksson Ladislav Smid Andy Rogers
Goaltenders
Starting : Kari Lehtonen
Backup : Braden Holtby
Extra Forwards
Normal : Jason Akeson, James Wright, Rob Schremp - PP : Jason Akeson, James Wright - PK : Rob Schremp
Extra Defensemen
Normal : Jonathan Blum, Olli Maatta, Kurtis Foster - PP : Jonathan Blum - PK : Olli Maatta, Kurtis Foster
Penalty Shots
Robert Nilsson, Loui Eriksson, Jordin Tootoo, Brad Boyes, Daniel Sedin
Scratches
Brooks Laich (Healthy), Steve Eminger (Healthy), Benn Ferriero (Healthy)
Blue Jackets
5 vs 5 Forward
Center Left Wing Right Wing Time % Phy DF OF
1 Tyler Seguin Artemi Panarin Devin Setoguchi 40 1 2 2
2 Cody Hodgson Max Pacioretty Martin Havlat 30 1 2 2
3 Pavel Datsyuk Eric Wellwood Tyler Kennedy 20 1 2 2
4 Christian Hanson Brandon Bollig Andreas Nodl 10 1 2 2
5 vs 5 Defense
Defense Defense Time % Phy DF OF
1 Cam Fowler Mike Lundin 40 1 2 2
2 Dalton Prout Rob Scuderi 30 1 2 2
3 Branislav Mezei Ryan Wilson 20 1 2 2
4 Cam Fowler Mike Lundin 10 1 2 2
PowerPlay Forward
Center Left Wing Right Wing Time % Phy DF OF
1 Tyler Seguin Artemi Panarin Devin Setoguchi 60 1 2 2
2 Cody Hodgson Max Pacioretty Martin Havlat 40 1 2 2
PowerPlay Defense
Defense Defense Time % Phy DF OF
1 Cam Fowler Mike Lundin 60 1 2 2
2 Dalton Prout Rob Scuderi 40 1 2 2
Penalty Kill 4 Players Forward
Center Wing Time % Phy DF OF
1 Tyler Seguin Artemi Panarin 60 1 2 2
2 Max Pacioretty Cody Hodgson 40 1 2 2
Penalty Kill 4 Players Defense
Defense Defense Time % Phy DF OF
1 Cam Fowler Mike Lundin 60 1 2 2
2 Dalton Prout Rob Scuderi 40 1 2 2
Penalty Kill - 3 Players Forward
Forward Time % Phy DF OF
1 Tyler Seguin 60 1 2 2
2 Artemi Panarin 40 1 2 2
Penalty Kill - 3 Players Defense
Defense Defense Time % Phy DF OF
1 Cam Fowler Mike Lundin 60 1 2 2
2 Dalton Prout Rob Scuderi 40 1 2 2
4 vs 4 Forward
Center Wing Time % Phy DF OF
1 Tyler Seguin Artemi Panarin 60 1 2 2
2 Max Pacioretty Cody Hodgson 40 1 2 2
4 vs 4 Defense
Defense Defense Time % Phy DF OF
1 Cam Fowler Mike Lundin 60 1 2 2
2 Dalton Prout Rob Scuderi 40 1 2 2
Last Minutes Offensive
Center Left Wing Right Wing Defense Defense
Tyler Seguin Artemi Panarin Devin Setoguchi Cam Fowler Mike Lundin
Last Minutes Defensive
Center Left Wing Right Wing Defense Defense
Tyler Seguin Artemi Panarin Devin Setoguchi Cam Fowler Mike Lundin
Goaltenders
Starting : Rick DiPietro
Backup : Thomas Greiss
Extra Forwards
Normal : Pavel Datsyuk, Tyler Kennedy, Eric Wellwood - PP : Pavel Datsyuk, Tyler Kennedy - PK : Eric Wellwood
Extra Defensemen
Normal : Branislav Mezei, Ryan Wilson, Dalton Prout - PP : Branislav Mezei - PK : Ryan Wilson, Dalton Prout
Penalty Shots
Tyler Seguin, Artemi Panarin, Max Pacioretty, Cody Hodgson, Devin Setoguchi
Scratches
Anthony Stewart (Healthy), Dennis Wideman (Healthy), Timothy Kunes (Healthy), Andrei Vasilevskiy (Healthy)
% Time on Ice - Canucks
Lines # - Real PCT - Wanted PCT - Time Play
Normal Forward
1 - 36% - 40% - 15:33
2 - 25% - 30% - 10:46
3 - 21% - 20% - 9:05
4 - 18% - 10% - 7:46
Normal Defense
1 - 41% - 40% - 17:43
2 - 33% - 30% - 14:20
3 - 23% - 20% - 10:04
4 - 2% - 10% - 1:03
PP Forward
1 - 55% - 60% - 4:23
2 - 45% - 40% - 3:33
PP Defense
1 - 70% - 60% - 5:33
2 - 30% - 40% - 2:23
PK Forward
1 - 73% - 60% - 6:31
2 - 27% - 40% - 2:23
PK Defense
1 - 69% - 60% - 6:08
2 - 31% - 40% - 2:46
PK3 Forward
1 - 0% - 60%
2 - 0% - 40%
PK3 Defense
1 - 0% - 60%
2 - 0% - 40%
44 Forward
1 - 0% - 60%
2 - 0% - 40%
44 Defense
1 - 0% - 60%
2 - 0% - 40%
Last Minute Offensive - 0:00
Last Minute Defensive - 0:00
Total
Forward - 60:00
Defense - 60:00
|
% Time on Ice - Blue Jackets
Lines # - Real PCT - Wanted PCT - Time Play
Normal Forward
1 - 35% - 40% - 15:17
2 - 27% - 30% - 11:33
3 - 22% - 20% - 9:30
4 - 16% - 10% - 6:50
Normal Defense
1 - 43% - 40% - 18:30
2 - 32% - 30% - 13:37
3 - 23% - 20% - 9:53
4 - 3% - 10% - 1:10
PP Forward
1 - 58% - 60% - 5:08
2 - 42% - 40% - 3:46
PP Defense
1 - 58% - 60% - 5:10
2 - 42% - 40% - 3:44
PK Forward
1 - 77% - 60% - 6:07
2 - 23% - 40% - 1:49
PK Defense
1 - 64% - 60% - 5:04
2 - 36% - 40% - 2:52
PK3 Forward
1 - 0% - 60%
2 - 0% - 40%
PK3 Defense
1 - 0% - 60%
2 - 0% - 40%
44 Forward
1 - 0% - 60%
2 - 0% - 40%
44 Defense
1 - 0% - 60%
2 - 0% - 40%
Last Minute Offensive - 0:00
Last Minute Defensive - 0:00
Total
Forward - 60:00
Defense - 60:00
|
Play-by-Play
1st period
0:01 of 1st period - Tyler Seguin wins face-off versus Robert Nilsson in neutral zone.
0:12 of 1st period - Slapshot by Tyler Seguin.
0:12 of 1st period - Deflect By Artemi Panarin.
0:12 of 1st period - Stopped by Kari Lehtonen with a rebound.
0:33 of 1st period - Snap shot by Cody Hodgson.
0:33 of 1st period - Shot Misses the Net.
0:53 of 1st period - Snap shot by Brad Boyes.
0:53 of 1st period - Shot Blocked by Tyler Kennedy.
0:55 of 1st period - Slapshot by Ladislav Smid.
0:55 of 1st period - Deflect By James Wright.
0:55 of 1st period - Stopped by Rick DiPietro with a rebound.
1:11 of 1st period - Kurtis Foster is hit by Andreas Nodl and loses puck.
1:16 of 1st period - Slapshot by Andreas Nodl.
1:16 of 1st period - Shot Misses the Net.
1:20 of 1st period - Wrist shot by Andreas Nodl.
1:20 of 1st period - Stopped by Kari Lehtonen without a rebound.
1:21 of 1st period - Tyler Seguin wins face-off versus Daniel Sedin in Canucks zone.
1:24 of 1st period - Slapshot by Devin Setoguchi.
1:24 of 1st period - Shot Blocked by Jonathan Blum.
2:00 of 1st period - Mike Lundin is hit by Jordin Tootoo and loses puck.
2:11 of 1st period - Wrist shot by Rob Schremp.
2:11 of 1st period - Stopped by Rick DiPietro without a rebound.
2:12 of 1st period - Tyler Seguin wins face-off versus Rob Schremp in Blue Jackets zone.
2:12 of 1st period - Tyler Seguin is hit by Lane MacDermid.
4:15 of 1st period - Snap shot by Eric Wellwood.
4:15 of 1st period - Shot Misses the Net.
4:17 of 1st period - Snap shot by Mike Lundin.
4:17 of 1st period - Shot Blocked by Robert Nilsson.
4:19 of 1st period - Slapshot by Cam Fowler.
4:19 of 1st period - Shot Misses the Net.
4:28 of 1st period - Icing by Daniel Sedin.
4:29 of 1st period - Christian Hanson wins face-off versus James Wright in Canucks zone.
4:51 of 1st period - Icing by Andreas Nodl.
4:52 of 1st period - Cody Eakin wins face-off versus Tyler Seguin in Blue Jackets zone.
4:59 of 1st period - Snap shot by Jeremy Morin.
4:59 of 1st period - Shot Blocked by Dalton Prout.
5:01 of 1st period - Slapshot by Olli Maatta.
5:01 of 1st period - Stopped by Rick DiPietro with a rebound.
5:05 of 1st period - Slapshot by Jordin Tootoo.
5:05 of 1st period - Shot Blocked by Dalton Prout.
5:07 of 1st period - Backhand shot by Jonathan Blum.
5:07 of 1st period - Stopped by Rick DiPietro without a rebound.
5:08 of 1st period - Cody Hodgson wins face-off versus Robert Nilsson in Blue Jackets zone.
5:10 of 1st period - Minor Penalty to Ryan Wilson for Holding.
5:11 of 1st period - Robert Nilsson wins face-off versus Artemi Panarin in Blue Jackets zone.
5:23 of 1st period - Wrist shot by Loui Eriksson.
5:23 of 1st period - Stopped by Rick DiPietro without a rebound.
5:24 of 1st period - Tyler Seguin wins face-off versus Robert Nilsson in Blue Jackets zone.
5:29 of 1st period - Loui Eriksson is hit by Tyler Seguin.
5:30 of 1st period - Icing by Loui Eriksson.
5:31 of 1st period - Robert Nilsson wins face-off versus Tyler Seguin in Canucks zone.
5:56 of 1st period - Mike Lundin is hit by Ladislav Smid and loses puck.
6:07 of 1st period - Wrist shot by Artemi Panarin.
6:07 of 1st period - Shot Misses the Net.
6:42 of 1st period - Backhand shot by Tyler Seguin.
6:42 of 1st period - Stopped by Kari Lehtonen without a rebound.
6:43 of 1st period - Cody Eakin wins face-off versus Max Pacioretty in Canucks zone.
7:10 of 1st period - Penalty to Ryan Wilson is over, Ryan Wilson is back on ice.
7:34 of 1st period - Snap shot by Max Pacioretty.
7:34 of 1st period - Shot Misses the Net.
7:57 of 1st period - Wrist shot by Pavel Datsyuk.
7:57 of 1st period - Shot Blocked by Olli Maatta.
8:29 of 1st period - Loui Eriksson is hit by Mike Lundin and loses puck.
8:51 of 1st period - Branislav Mezei is hit by Jason Akeson and loses puck.
9:08 of 1st period - Ryan Wilson is hit by Ryane Clowe and loses puck.
9:26 of 1st period - Slapshot by Tyler Kennedy.
9:26 of 1st period - Shot Blocked by Ladislav Smid.
9:28 of 1st period - Snap shot by Pavel Datsyuk.
9:28 of 1st period - Shot Misses the Net.
9:30 of 1st period - Slapshot by Eric Wellwood.
9:30 of 1st period - Stopped by Kari Lehtonen with a rebound.
10:42 of 1st period - Icing by Daniel Sedin.
10:43 of 1st period - Christian Hanson wins face-off versus Rob Schremp in Canucks zone.
11:17 of 1st period - Jonathan Blum is hit by Branislav Mezei and loses puck.
11:59 of 1st period - Snap shot by Max Pacioretty.
11:59 of 1st period - Stopped by Kari Lehtonen without a rebound.
12:00 of 1st period - Cody Hodgson wins face-off versus Robert Nilsson in Canucks zone.
13:29 of 1st period - Slapshot by Cam Fowler.
13:29 of 1st period - Deflect By Christian Hanson.
13:29 of 1st period - Shot Blocked by Jonathan Blum.
13:29 of 1st period - Puck is out of play.
13:30 of 1st period - Christian Hanson wins face-off versus Robert Nilsson in Canucks zone.
13:31 of 1st period - Snap shot by Andreas Nodl.
13:31 of 1st period - Shot Misses the Net.
13:41 of 1st period - Snap shot by Robert Nilsson.
13:41 of 1st period - Stopped by Rick DiPietro with a rebound.
13:57 of 1st period - Snap shot by Loui Eriksson.
13:57 of 1st period - Shot Misses the Net.
13:59 of 1st period - Slapshot by Jonathan Blum.
13:59 of 1st period - Stopped by Rick DiPietro without a rebound.
14:00 of 1st period - Cody Eakin wins face-off versus Devin Setoguchi in Blue Jackets zone.
15:05 of 1st period - Snap shot by Rob Schremp.
15:05 of 1st period - Shot Blocked by Cody Hodgson.
15:13 of 1st period - Wrist shot by Martin Havlat.
15:13 of 1st period - Stopped by Kari Lehtonen without a rebound.
15:14 of 1st period - Tyler Seguin wins face-off versus Cody Eakin in Canucks zone.
15:15 of 1st period - Snap shot by Artemi Panarin.
15:15 of 1st period - Shot Misses the Net.
15:29 of 1st period - Snap shot by Artemi Panarin.
15:29 of 1st period - Stopped by Kari Lehtonen without a rebound.
15:30 of 1st period - Robert Nilsson wins face-off versus Tyler Seguin in Canucks zone.
15:32 of 1st period - Minor Penalty to Ladislav Smid for Hooking.
15:33 of 1st period - Loui Eriksson wins face-off versus Tyler Seguin in Canucks zone.
16:30 of 1st period - Icing by Devin Setoguchi.
16:31 of 1st period - Rob Schremp wins face-off versus Tyler Seguin in Blue Jackets zone.
16:34 of 1st period - Snap shot by Rob Schremp.
16:34 of 1st period - Shot Blocked by Tyler Seguin.
17:18 of 1st period - Brad Boyes is hit by Martin Havlat and loses puck.
17:32 of 1st period - Penalty to Ladislav Smid is over, Ladislav Smid is back on ice.
17:43 of 1st period - Jeremy Morin is hit by Cam Fowler and loses puck.
17:48 of 1st period - Wrist shot by Pavel Datsyuk.
17:48 of 1st period - Shot Misses the Net.
18:04 of 1st period - Snap shot by Rob Schremp.
18:04 of 1st period - Stopped by Rick DiPietro without a rebound.
18:05 of 1st period - Tyler Seguin wins face-off versus Lane MacDermid in Blue Jackets zone.
18:14 of 1st period - Snap shot by Devin Setoguchi.
18:14 of 1st period - Stopped by Kari Lehtonen without a rebound.
18:15 of 1st period - Robert Nilsson wins face-off versus Tyler Seguin in Canucks zone.
18:15 of 1st period - Robert Nilsson is hit by Artemi Panarin.
18:55 of 1st period - Jeremy Morin is hit by Dalton Prout.
19:07 of 1st period - Slapshot by Cam Fowler.
19:07 of 1st period - Shot Blocked by Mike Komisarek.
19:09 of 1st period - Snap shot by Pavel Datsyuk.
19:09 of 1st period - Shot Misses the Net.
19:35 of 1st period - Backhand shot by Loui Eriksson.
19:35 of 1st period - Shot Misses the Net.
Goals for this period are 0 for Canucks vs 0 for Blue Jackets.
Shots for this period are 8 for Canucks vs 8 for Blue Jackets.
2nd period
0:01 of 2nd period - Robert Nilsson wins face-off versus Tyler Seguin in neutral zone.
0:26 of 2nd period - Andy Rogers is hit by Cam Fowler and loses puck.
0:35 of 2nd period - Slapshot by Robert Nilsson.
0:35 of 2nd period - Shot Misses the Net.
0:37 of 2nd period - Slapshot by Loui Eriksson.
0:37 of 2nd period - Deflect By Robert Nilsson.
0:37 of 2nd period - Shot Misses the Net.
0:37 of 2nd period - Puck is out of play.
0:38 of 2nd period - Tyler Seguin wins face-off versus Cody Eakin in Blue Jackets zone.
1:05 of 2nd period - James Wright is hit by Cody Hodgson and loses puck.
1:22 of 2nd period - Snap shot by Tyler Kennedy.
1:22 of 2nd period - Stopped by Kari Lehtonen without a rebound.
1:23 of 2nd period - Rob Schremp wins face-off versus Pavel Datsyuk in Canucks zone.
1:28 of 2nd period - Snap shot by Eric Wellwood.
1:28 of 2nd period - Stopped by Kari Lehtonen with a rebound.
1:44 of 2nd period - Minor Penalty to Ladislav Smid for Interference.
1:45 of 2nd period - Tyler Seguin wins face-off versus Robert Nilsson in Canucks zone.
1:58 of 2nd period - Snap shot by Devin Setoguchi.
1:58 of 2nd period - Deflect By Tyler Seguin.
1:58 of 2nd period - Goal by Tyler Seguin - Canucks : 0 - Blue Jackets : 1.
1:59 of 2nd period - Loui Eriksson wins face-off versus Tyler Seguin in neutral zone.
2:10 of 2nd period - Wrist shot by Daniel Sedin.
2:10 of 2nd period - Shot Misses the Net.
2:22 of 2nd period - Minor Penalty to Daniel Sedin for Hooking.
2:23 of 2nd period - Tyler Seguin wins face-off versus Robert Nilsson in Canucks zone.
2:34 of 2nd period - Wrist shot by Tyler Seguin.
2:34 of 2nd period - Stopped by Kari Lehtonen with a rebound.
2:36 of 2nd period - Wrist shot by Artemi Panarin.
2:36 of 2nd period - Goal by Artemi Panarin - Canucks : 0 - Blue Jackets : 2.
2:37 of 2nd period - Robert Nilsson wins face-off versus Tyler Seguin in neutral zone.
3:09 of 2nd period - Wrist shot by Brad Boyes.
3:09 of 2nd period - Shot Blocked by Mike Lundin.
3:27 of 2nd period - Wrist shot by Jordin Tootoo.
3:27 of 2nd period - Shot Blocked by Cam Fowler.
3:37 of 2nd period - Cody Eakin is hit by Cam Fowler and loses puck.
4:42 of 2nd period - Snap shot by Ryane Clowe.
4:42 of 2nd period - Shot Blocked by Martin Havlat.
4:44 of 2nd period - Snap shot by Brad Boyes.
4:44 of 2nd period - Deflect By James Wright.
4:44 of 2nd period - Stopped by Rick DiPietro without a rebound.
4:45 of 2nd period - Tyler Seguin wins face-off versus Cody Eakin in Blue Jackets zone.
4:56 of 2nd period - Snap shot by Jeremy Morin.
4:56 of 2nd period - Stopped by Rick DiPietro with a rebound.
5:10 of 2nd period - Andy Rogers is hit by Cody Hodgson and loses puck.
6:21 of 2nd period - Slapshot by Ladislav Smid.
6:21 of 2nd period - Shot Blocked by Devin Setoguchi.
6:29 of 2nd period - Andy Rogers is hit by Artemi Panarin.
7:01 of 2nd period - Olli Maatta is hit by Mike Lundin and loses puck.
7:08 of 2nd period - Snap shot by Jonathan Blum.
7:08 of 2nd period - Stopped by Rick DiPietro with a rebound.
7:20 of 2nd period - Slapshot by Cam Fowler.
7:20 of 2nd period - Shot Misses the Net.
7:47 of 2nd period - Wrist shot by Daniel Sedin.
7:47 of 2nd period - Stopped by Rick DiPietro with a rebound.
8:07 of 2nd period - Slapshot by Max Pacioretty.
8:07 of 2nd period - Shot Blocked by Jonathan Blum.
8:17 of 2nd period - Rob Scuderi is hit by Jordin Tootoo.
8:25 of 2nd period - Slapshot by Jordin Tootoo.
8:25 of 2nd period - Stopped by Rick DiPietro without a rebound.
8:26 of 2nd period - Tyler Seguin wins face-off versus Robert Nilsson in Blue Jackets zone.
8:35 of 2nd period - Snap shot by Daniel Sedin.
8:35 of 2nd period - Stopped by Rick DiPietro without a rebound.
8:36 of 2nd period - Robert Nilsson wins face-off versus Tyler Seguin in Blue Jackets zone.
8:41 of 2nd period - Wrist shot by Loui Eriksson.
8:41 of 2nd period - Shot Blocked by Dalton Prout.
8:43 of 2nd period - Wrist shot by Kurtis Foster.
8:43 of 2nd period - Deflect By Loui Eriksson.
8:43 of 2nd period - Shot Blocked by Dalton Prout.
8:43 of 2nd period - Puck is out of play.
8:44 of 2nd period - Robert Nilsson wins face-off versus Tyler Seguin in Blue Jackets zone.
8:45 of 2nd period - Wrist shot by Daniel Sedin.
8:45 of 2nd period - Shot Misses the Net.
8:47 of 2nd period - Wrist shot by Loui Eriksson.
8:47 of 2nd period - Shot Blocked by Artemi Panarin.
8:49 of 2nd period - Slapshot by Loui Eriksson.
8:49 of 2nd period - Stopped by Rick DiPietro with a rebound.
8:51 of 2nd period - Snap shot by Robert Nilsson.
8:51 of 2nd period - Shot Blocked by Cam Fowler.
8:53 of 2nd period - Slapshot by Loui Eriksson.
8:53 of 2nd period - Shot Misses the Net.
8:59 of 2nd period - Snap shot by Loui Eriksson.
8:59 of 2nd period - Shot Misses the Net.
9:01 of 2nd period - Snap shot by Loui Eriksson.
9:01 of 2nd period - Shot Misses the Net.
9:21 of 2nd period - Wrist shot by Cody Hodgson.
9:21 of 2nd period - Goal by Cody Hodgson - Canucks : 0 - Blue Jackets : 3.
9:22 of 2nd period - Tyler Seguin wins face-off versus Robert Nilsson in neutral zone.
9:45 of 2nd period - Minor Penalty to Robert Nilsson for High sticking.
9:46 of 2nd period - Rob Schremp wins face-off versus Tyler Seguin in Canucks zone.
10:01 of 2nd period - Snap shot by Tyler Seguin.
10:01 of 2nd period - Shot Misses the Net.
10:03 of 2nd period - Snap shot by Cam Fowler.
10:03 of 2nd period - Deflect By Artemi Panarin.
10:03 of 2nd period - Stopped by Kari Lehtonen without a rebound.
10:04 of 2nd period - Rob Schremp wins face-off versus Cody Hodgson in Canucks zone.
10:15 of 2nd period - Wrist shot by Max Pacioretty.
10:15 of 2nd period - Shot Misses the Net.
10:17 of 2nd period - Snap shot by Max Pacioretty.
10:17 of 2nd period - Stopped by Kari Lehtonen with a rebound.
10:19 of 2nd period - Snap shot by Martin Havlat.
10:19 of 2nd period - Stopped by Kari Lehtonen without a rebound.
10:20 of 2nd period - Rob Schremp wins face-off versus Tyler Seguin in Canucks zone.
11:45 of 2nd period - Penalty to Robert Nilsson is over, Robert Nilsson is back on ice.
12:12 of 2nd period - Ryan Wilson is hit by Jonathan Blum and loses puck.
13:03 of 2nd period - Mike Lundin is hit by Jason Akeson and loses puck.
13:13 of 2nd period - Icing by Mike Lundin.
13:14 of 2nd period - Cody Hodgson wins face-off versus James Wright in Blue Jackets zone.
13:21 of 2nd period - Snap shot by Ryane Clowe.
13:21 of 2nd period - Stopped by Rick DiPietro without a rebound.
13:22 of 2nd period - Robert Nilsson wins face-off versus Tyler Seguin in Blue Jackets zone.
13:26 of 2nd period - Minor Penalty to Devin Setoguchi for Hooking.
13:27 of 2nd period - Robert Nilsson wins face-off versus Tyler Seguin in Blue Jackets zone.
15:26 of 2nd period - Penalty to Devin Setoguchi is over, Devin Setoguchi is back on ice.
15:50 of 2nd period - Off-side.
15:51 of 2nd period - Rob Schremp wins face-off versus Pavel Datsyuk in neutral zone.
16:35 of 2nd period - Slapshot by Cam Fowler.
16:35 of 2nd period - Shot Blocked by Cody Eakin.
16:37 of 2nd period - Wrist shot by Artemi Panarin.
16:37 of 2nd period - Shot Misses the Net.
16:39 of 2nd period - Slapshot by Mike Lundin.
16:39 of 2nd period - Deflect By Cody Eakin.
16:39 of 2nd period - Stopped by Kari Lehtonen without a rebound.
16:40 of 2nd period - Tyler Seguin wins face-off versus Robert Nilsson in Canucks zone.
16:55 of 2nd period - Snap shot by Tyler Seguin.
16:55 of 2nd period - Deflect By Devin Setoguchi.
16:55 of 2nd period - Shot Misses the Net.
16:55 of 2nd period - Puck is out of play.
16:56 of 2nd period - Cody Eakin wins face-off versus Cody Hodgson in Canucks zone.
16:56 of 2nd period - Cody Eakin is hit by Cam Fowler.
16:59 of 2nd period - Minor Penalty to Andy Rogers for Hooking.
17:00 of 2nd period - Robert Nilsson wins face-off versus Tyler Seguin in Canucks zone.
17:26 of 2nd period - Ladislav Smid is hit by Martin Havlat and loses puck.
17:31 of 2nd period - Wrist shot by Cody Hodgson.
17:31 of 2nd period - Shot Misses the Net.
17:33 of 2nd period - Wrist shot by Cody Hodgson.
17:33 of 2nd period - Shot Blocked by Ladislav Smid.
17:35 of 2nd period - Slapshot by Max Pacioretty.
17:35 of 2nd period - Deflect By Martin Havlat.
17:35 of 2nd period - Shot Misses the Net.
17:35 of 2nd period - Puck is out of play.
17:36 of 2nd period - Robert Nilsson wins face-off versus Artemi Panarin in Canucks zone.
18:22 of 2nd period - Slapshot by Kurtis Foster.
18:22 of 2nd period - Stopped by Rick DiPietro with a rebound.
18:59 of 2nd period - Penalty to Andy Rogers is over, Andy Rogers is back on ice.
19:12 of 2nd period - Lane MacDermid is hit by Pavel Datsyuk and loses puck.
19:19 of 2nd period - Wrist shot by Rob Schremp.
19:19 of 2nd period - Shot Misses the Net.
19:21 of 2nd period - Slapshot by Lane MacDermid.
19:21 of 2nd period - Shot Misses the Net.
19:23 of 2nd period - Wrist shot by Rob Schremp.
19:23 of 2nd period - Shot Misses the Net.
Goals for this period are 0 for Canucks vs 3 for Blue Jackets.
Shots for this period are 9 for Canucks vs 10 for Blue Jackets.
3rd period
0:01 of 3rd period - Daniel Sedin wins face-off versus Tyler Seguin in neutral zone.
0:26 of 3rd period - Andy Rogers is hit by Tyler Kennedy.
0:46 of 3rd period - Minor Penalty to Daniel Sedin for Roughing.
0:47 of 3rd period - Loui Eriksson wins face-off versus Tyler Seguin in Canucks zone.
1:00 of 3rd period - Wrist shot by Artemi Panarin.
1:00 of 3rd period - Shot Misses the Net.
1:02 of 3rd period - Snap shot by Dalton Prout.
1:02 of 3rd period - Deflect By Andy Rogers.
1:02 of 3rd period - Stopped by Kari Lehtonen with a rebound.
1:04 of 3rd period - Snap shot by Artemi Panarin.
1:04 of 3rd period - Stopped by Kari Lehtonen without a rebound.
1:05 of 3rd period - Cody Hodgson wins face-off versus Robert Nilsson in Canucks zone.
1:14 of 3rd period - Slapshot by Max Pacioretty.
1:14 of 3rd period - Shot Misses the Net.
1:16 of 3rd period - Snap shot by Max Pacioretty.
1:16 of 3rd period - Goal by Max Pacioretty - Canucks : 0 - Blue Jackets : 4.
1:17 of 3rd period - Robert Nilsson wins face-off versus Tyler Seguin in neutral zone.
1:48 of 3rd period - Snap shot by Jeremy Morin.
1:48 of 3rd period - Goal by Jeremy Morin - Canucks : 1 - Blue Jackets : 4.
1:49 of 3rd period - Tyler Seguin wins face-off versus Robert Nilsson in neutral zone.
1:51 of 3rd period - Minor Penalty to Mike Lundin for Holding.
1:52 of 3rd period - Tyler Seguin wins face-off versus Robert Nilsson in Blue Jackets zone.
2:04 of 3rd period - Wrist shot by Artemi Panarin.
2:04 of 3rd period - Shot Misses the Net.
2:27 of 3rd period - Snap shot by Jeremy Morin.
2:27 of 3rd period - Shot Hit the Post.
3:51 of 3rd period - Penalty to Mike Lundin is over, Mike Lundin is back on ice.
4:04 of 3rd period - Snap shot by Tyler Kennedy.
4:04 of 3rd period - Deflect By Pavel Datsyuk.
4:04 of 3rd period - Stopped by Kari Lehtonen with a rebound.
4:36 of 3rd period - Max Pacioretty is hit by Ryane Clowe.
4:40 of 3rd period - James Wright is hit by Max Pacioretty.
5:09 of 3rd period - Dalton Prout is hit by Lane MacDermid and loses puck.
5:39 of 3rd period - Max Pacioretty is hit by James Wright and loses puck.
6:06 of 3rd period - Devin Setoguchi is hit by Daniel Sedin and loses puck.
6:21 of 3rd period - Jason Akeson is hit by Mike Lundin and loses puck.
6:26 of 3rd period - Wrist shot by Brandon Bollig.
6:26 of 3rd period - Stopped by Kari Lehtonen without a rebound.
6:27 of 3rd period - Cody Eakin wins face-off versus Cody Hodgson in Canucks zone.
6:27 of 3rd period - Cody Eakin is hit by Cody Hodgson.
6:41 of 3rd period - Slapshot by Jeremy Morin.
6:41 of 3rd period - Shot Misses the Net.
6:43 of 3rd period - Wrist shot by Andy Rogers.
6:43 of 3rd period - Stopped by Rick DiPietro without a rebound.
6:44 of 3rd period - Tyler Seguin wins face-off versus Robert Nilsson in Blue Jackets zone.
6:48 of 3rd period - Icing by Artemi Panarin.
6:49 of 3rd period - Robert Nilsson wins face-off versus Tyler Seguin in Blue Jackets zone.
6:52 of 3rd period - Wrist shot by Daniel Sedin.
6:52 of 3rd period - Stopped by Rick DiPietro with a rebound.
7:27 of 3rd period - Slapshot by Cody Hodgson.
7:27 of 3rd period - Stopped by Kari Lehtonen with a rebound.
7:33 of 3rd period - Minor Penalty to Jordin Tootoo for Roughing.
7:34 of 3rd period - Tyler Seguin wins face-off versus Robert Nilsson in Canucks zone.
7:45 of 3rd period - Slapshot by Tyler Seguin.
7:45 of 3rd period - Stopped by Kari Lehtonen with a rebound.
8:11 of 3rd period - Slapshot by Max Pacioretty.
8:11 of 3rd period - Stopped by Kari Lehtonen with a rebound.
8:27 of 3rd period - Artemi Panarin is hit by Robert Nilsson and loses puck.
9:31 of 3rd period - Dalton Prout is hit by Rob Schremp and loses puck.
9:33 of 3rd period - Penalty to Jordin Tootoo is over, Jordin Tootoo is back on ice.
9:41 of 3rd period - Icing by Andy Rogers.
9:42 of 3rd period - Pavel Datsyuk wins face-off versus Cody Eakin in Canucks zone.
9:49 of 3rd period - Wrist shot by Pavel Datsyuk.
9:49 of 3rd period - Stopped by Kari Lehtonen without a rebound.
9:50 of 3rd period - Robert Nilsson wins face-off versus Cody Hodgson in Canucks zone.
9:50 of 3rd period - Robert Nilsson is hit by Mike Lundin.
9:55 of 3rd period - Off-side.
9:56 of 3rd period - Cody Hodgson wins face-off versus Robert Nilsson in neutral zone.
10:07 of 3rd period - Snap shot by Loui Eriksson.
10:07 of 3rd period - Shot Blocked by Mike Lundin.
10:09 of 3rd period - Slapshot by Kurtis Foster.
10:09 of 3rd period - Stopped by Rick DiPietro without a rebound.
10:10 of 3rd period - Tyler Seguin wins face-off versus Robert Nilsson in Blue Jackets zone.
10:12 of 3rd period - Minor Penalty to Cam Fowler for Roughing.
10:13 of 3rd period - Robert Nilsson wins face-off versus Tyler Seguin in Blue Jackets zone.
10:26 of 3rd period - Off-side.
10:27 of 3rd period - Tyler Seguin wins face-off versus Robert Nilsson in neutral zone.
10:54 of 3rd period - Tyler Seguin is hit by Jeremy Morin.
11:12 of 3rd period - Cody Hodgson is hit by Andy Rogers and loses puck.
11:52 of 3rd period - Snap shot by Jeremy Morin.
11:52 of 3rd period - Shot Misses the Net.
11:54 of 3rd period - Wrist shot by Cody Eakin.
11:54 of 3rd period - Shot Misses the Net.
12:02 of 3rd period - Wrist shot by Jeremy Morin.
12:02 of 3rd period - Shot Misses the Net.
12:06 of 3rd period - Slapshot by Jordin Tootoo.
12:06 of 3rd period - Stopped by Rick DiPietro without a rebound.
12:07 of 3rd period - Tyler Seguin wins face-off versus Robert Nilsson in Blue Jackets zone.
12:12 of 3rd period - Penalty to Cam Fowler is over, Cam Fowler is back on ice.
12:21 of 3rd period - Slapshot by Kurtis Foster.
12:21 of 3rd period - Deflect By Cam Fowler.
12:21 of 3rd period - Stopped by Rick DiPietro with a rebound.
12:52 of 3rd period - Icing by Christian Hanson.
12:53 of 3rd period - Rob Schremp wins face-off versus Pavel Datsyuk in Blue Jackets zone.
13:00 of 3rd period - Wrist shot by Jason Akeson.
13:00 of 3rd period - Stopped by Rick DiPietro without a rebound.
13:01 of 3rd period - Robert Nilsson wins face-off versus Tyler Seguin in Blue Jackets zone.
13:02 of 3rd period - Wrist shot by Loui Eriksson.
13:02 of 3rd period - Shot Misses the Net.
13:09 of 3rd period - Icing by Cam Fowler.
13:10 of 3rd period - Robert Nilsson wins face-off versus Artemi Panarin in Blue Jackets zone.
13:11 of 3rd period - Snap shot by Loui Eriksson.
13:11 of 3rd period - Shot Misses the Net.
13:23 of 3rd period - Snap shot by Mike Komisarek.
13:23 of 3rd period - Shot Misses the Net.
13:47 of 3rd period - Off-side.
13:48 of 3rd period - Cody Hodgson wins face-off versus Cody Eakin in neutral zone.
14:15 of 3rd period - James Wright is hit by Eric Wellwood and loses puck.
14:36 of 3rd period - Snap shot by Jason Akeson.
14:36 of 3rd period - Shot Blocked by Branislav Mezei.
14:38 of 3rd period - Snap shot by Ladislav Smid.
14:38 of 3rd period - Stopped by Rick DiPietro with a rebound.
14:40 of 3rd period - Snap shot by Lane MacDermid.
14:40 of 3rd period - Shot Blocked by Ryan Wilson.
14:42 of 3rd period - Slapshot by Jason Akeson.
14:42 of 3rd period - Stopped by Rick DiPietro without a rebound.
14:43 of 3rd period - Tyler Seguin wins face-off versus Robert Nilsson in Blue Jackets zone.
14:43 of 3rd period - Tyler Seguin is hit by Daniel Sedin.
14:55 of 3rd period - Wrist shot by Devin Setoguchi.
14:55 of 3rd period - Stopped by Kari Lehtonen without a rebound.
14:56 of 3rd period - Tyler Seguin wins face-off versus Robert Nilsson in Canucks zone.
15:35 of 3rd period - Wrist shot by Artemi Panarin.
15:35 of 3rd period - Goal by Artemi Panarin - Canucks : 1 - Blue Jackets : 5.
15:36 of 3rd period - Robert Nilsson wins face-off versus Cody Hodgson in neutral zone.
15:52 of 3rd period - Snap shot by Mike Lundin.
15:52 of 3rd period - Shot Blocked by Daniel Sedin.
16:02 of 3rd period - Tyler Seguin is hit by Jeremy Morin and loses puck.
16:25 of 3rd period - Wrist shot by Brad Boyes.
16:25 of 3rd period - Shot Misses the Net.
16:27 of 3rd period - Slapshot by Kurtis Foster.
16:27 of 3rd period - Stopped by Rick DiPietro without a rebound.
16:28 of 3rd period - Cody Hodgson wins face-off versus James Wright in Blue Jackets zone.
17:21 of 3rd period - Rob Scuderi is hit by Jordin Tootoo and loses puck.
17:50 of 3rd period - Snap shot by Andreas Nodl.
17:50 of 3rd period - Shot Blocked by Jason Akeson.
18:10 of 3rd period - Snap shot by Brad Boyes.
18:10 of 3rd period - Stopped by Rick DiPietro without a rebound.
18:11 of 3rd period - Tyler Seguin wins face-off versus Robert Nilsson in Blue Jackets zone.
18:26 of 3rd period - Wrist shot by Robert Nilsson.
18:26 of 3rd period - Stopped by Rick DiPietro without a rebound.
18:27 of 3rd period - Cody Eakin wins face-off versus Cody Hodgson in Blue Jackets zone.
18:38 of 3rd period - Wrist shot by Max Pacioretty.
18:38 of 3rd period - Shot Misses the Net.
18:40 of 3rd period - Snap shot by Martin Havlat.
18:40 of 3rd period - Shot Blocked by Ladislav Smid.
18:42 of 3rd period - Slapshot by Mike Lundin.
18:42 of 3rd period - Shot Misses the Net.
19:03 of 3rd period - Wrist shot by Robert Nilsson.
19:03 of 3rd period - Shot Misses the Net.
19:05 of 3rd period - Wrist shot by Ladislav Smid.
19:05 of 3rd period - Deflect By Loui Eriksson.
19:05 of 3rd period - Goal by Loui Eriksson - Canucks : 2 - Blue Jackets : 5.
19:06 of 3rd period - Robert Nilsson wins face-off versus Tyler Seguin in neutral zone.
19:34 of 3rd period - Snap shot by Eric Wellwood.
19:34 of 3rd period - Shot Misses the Net.
Goals for this period are 2 for Canucks vs 2 for Blue Jackets.
Shots for this period are 13 for Canucks vs 11 for Blue Jackets.